cohdb
Replays
Latest Replays
All Replays
Popular Replays
Top Player Replays
Match Explorer
How It Works
Community
CoH3 Stats
Reddit
Sign in to upload your games and track your stats! →
Sign in with Steam
Match 43607167
Unlisted
Match 43607167
Overview
Messages
Build Orders
End
Panzerpioneer Squad
250 Light Carrier
Selects Battlefield Espionage Battlegroup
Panzergrenadier Squad
Construct Light Support Kompanie
MG34 Team
Panzerjäger Squad
Fire Support Elements
Selects Intel Disruption Beacon
Flakvierling Half-track
Construct Mechanized Kompanie
2.5-tonne Medical Truck
Selects 250/3 Funkpanzerwagen
250/3 Funkpanzerwagen
2.5-tonne Medical Truck
Construct Panzerarmee Kommand
Panzer III L Medium Tank
Panzer III L Medium Tank
Rapid Advance
Advanced Field Repairs
Selects Plunder
Selects Firestorm
Selects Anti-Tank Incendiary Munitions
Walking Stuka Rocket Launcher
Jak
Gawron
Liviu
TotallyUndressed
MarinDoDouce
Komar
esx228
JoseSenpai
0
0
Comments
sign in to comment!
No comments posted yet!